 Dungeon Crawl Stone Soup version 0.23.2-1-ga50397a (webtiles) character file.

Game seed: 2670861317833266824

2494 FatLuigi the Fighter (level 9, -2/77 HPs)
             Began as a Purple Draconian Transmuter on Apr 15, 2019.
             Was a Follower of Hepliaklqana.
             Slain by a killer bee (5 damage)
             ... on level 7 of the Dungeon.
             The game lasted 00:43:03 (5574 turns).

FatLuigi the Fighter (Purple Draconian Transmuter)  Turns: 5574, Time: 00:43:04

Health: -2/77      AC:  7    Str: 16    XL:     9   Next: 28%
Magic:  8/12       EV: 12    Int: 14    God:    Hepliaklqana [*.....]
Gold:   360        SH:  0    Dex: 11    Spells: 1/12 levels left

rFire    . . .     SeeInvis .   d - +1 spear (venom)
rCold    . . .     Gourm    .   (no shield)
rNeg     . . .     Faith    .   (armour unavailable)
rPois    .         Spirit   .   (helmet restricted)
rElec    .         Reflect  .   (no cloak)
rCorr    .         Harm     .   (no gloves)
MR       +....                  (no boots)
Stlth    +.........             A - amulet of regeneration
HPRegen  0.62/turn              i - ring of wizardry
MPRegen  0.13/turn              t - ring of wizardry

@: lethally poisoned (-2 -> -13), about to teleport
A: breathe power, unfitting armour, reduced essence, cold-blooded, AC +7
a: Breathe Dispelling Energy, Recall Ancestor, Ancestor Identity, Renounce
Religion


You were on level 7 of the Dungeon.
You worshipped Hepliaklqana.
Hepliaklqana was aware of your devotion.
You were hungry.

You visited 1 branch of the dungeon, and saw 7 of its levels.

You collected 360 gold pieces.

Inventory:

Hand Weapons
 d - a +1 spear of venom (weapon)
 r - a +2 quarterstaff of chaos
Missiles
 a - 86 arrows
Jewellery
 i - a ring of wizardry (left hand)
 t - a ring of wizardry (right hand)
 A - an amulet of regeneration (around neck)
Wands
 p - a wand of digging (7)
 B - a wand of disintegration (6)
Scrolls
 e - 3 scrolls of teleportation
 k - 4 scrolls of magic mapping {unknown}
 l - a scroll of enchant weapon {unknown}
 m - 4 scrolls of identify {unknown}
 q - 2 scrolls of amnesia {unknown}
 u - a scroll of fog {unknown}
 w - a scroll of blinking {unknown}
 y - a scroll of remove curse {unknown}
 C - a scroll of fear {unknown}
Potions
 b - 3 potions of might
 f - a potion of heal wounds {unknown}
 g - 2 potions of curing {unknown}
 h - a potion of resistance {unknown}
 j - 3 potions of degeneration {unknown}
 n - 2 potions of invisibility {unknown}
 o - 3 potions of magic {unknown}
 s - a potion of cancellation {unknown}
 v - a potion of mutation {unknown}
 x - a potion of haste {unknown}
 z - a potion of lignification {unknown}
Comestibles
 c - 16 rations
 D - 8 chunks of flesh


   Skills:
 + Level 10.8 Fighting
 - Level 5.3 Polearms
 - Level 1.7 Dodging
 - Level 3.0 Unarmed Combat
 - Level 2.4 Spellcasting
 - Level 5.5 Transmutations


You had one spell level left.
You knew the following spells:

 Your Spells              Type           Power        Failure   Level  Hunger
a - Beastly Appendage     Tmut           ###...       1%          1    #......
b - Sticks to Snakes      Tmut           ###.....     1%          2    ###....
c - Blade Hands           Tmut           ###.......   17%         5    ######.
d - Summon Guardian Gole  Hex/Summ       #.......     17%         3    ###....

Your spell library contained the following spells:

 Spells                   Type           Power        Failure   Level  Hunger
 Summon Small Mammal      Summ           #...         6%          1    #......
 Spider Form              Tmut/Pois      #.........   6%          3    ###....
 Call Imp                 Summ           #.......     10%         2    ###....
 Call Canine Familiar     Summ           #.......     17%         3    ###....
 Ice Form                 Ice/Tmut       #.......     19%         4    #####..
 Summon Ice Beast         Ice/Summ       #.......     47%         4    #####..
 Summon Lightning Spire   Summ/Air       #.......     47%         4    #####..


Dungeon Overview and Level Annotations

Branches:
Dungeon (7/15)             Temple (0/1) D:5

Altars:
Ashenzari
Cheibriados
Fedhas
Hepliaklqana
Okawaru
Wu Jian


Innate Abilities, Weirdness & Mutations

You can breathe bolts of dispelling energy.
Your rich purple scales are hard. (AC +7)
You cannot fit into any form of body armour.
You are cold-blooded and may be slowed by cold attacks.
Your life essence is reduced to manifest your ancestor. (-10% HP)


Message History

* * * LOW HITPOINT WARNING * * *
You are poisoned.
The killer bee poisons you! The killer bee stings you.
* * * LOW HITPOINT WARNING * * *
As you read the scroll of teleportation, it crumbles to dust.
You feel strangely unstable.
You feel sick. The killer bee stings you.
* * * LOW HITPOINT WARNING * * *
The killer bee stings you.
* * * LOW HITPOINT WARNING * * *
The killer bee stings you but does no damage.
The killer bee stings you.
* * * LOW HITPOINT WARNING * * *
The killer bee closely misses you. The killer bee stings you!
* * * LOW HITPOINT WARNING * * *
You are lethally poisoned!
The killer bee poisons you! The killer bee stings you.
* * * LOW HITPOINT WARNING * * *
You are more poisoned.
The killer bee poisons you! The killer bee stings you.
You die...

### ##.## ####...### ..
######......#.#
#..###..##.....)...####
.#.......##..#.......#.#
#..##..........Zy......###
#....#.#......yy@........###
...............yyy.(..#....###
......##........†#...........#
................##....##.....##
...#..................#.......#
..##..................÷##..#..#
...#.................†..#.###..#
y.........................# #..#
.........###.....##.##.....# ...


You could see 6 killer bees and an adder skeleton.

Vanquished Creatures
  Prince Ribbit (D:7)
  A yak (D:7)
  A human (D:7)
  2 hogs (D:7)
  2 sky beasts (D:5)
  2 phantoms
  An ogre (D:7)
  A necrophage (D:6)
  2 bullfrogs
  A scorpion (D:4)
  A crimson imp (D:7)
  A bullfrog zombie (D:5)
  A hound (D:6)
  2 orc wizards (D:6)
  Crazy Yiuf (D:4)
  2 orc priests
  2 jellies (D:6)
  A centaur skeleton (D:6)
  3 worker ants
  Robin (D:4)
  A howler monkey zombie (D:6)
  6 adders
  A shadow imp (D:7)
  An ooze (D:1)
  An adder zombie (D:7)
  3 worms
  4 dart slugs
  5 leopard geckos
  15 orcs
  2 ball pythons
  11 giant cockroaches
  9 goblins
  12 hobgoblins
  9 jackals
  3 kobolds
  4 quokkas
  5 bats
  2 frilled lizards (D:1)
  A quokka zombie (D:6)
  8 rats
132 creatures vanquished.

Vanquished Creatures (collateral kills)
  Grinder (D:4)
  A necrophage (D:6)
  An ogre (D:3)
  A centaur zombie (D:7)
  A hound (D:7)
  An orc wizard (D:3)
  A hound skeleton (D:7)
  3 adders
  A leopard gecko (D:3)
  6 orcs
  A bat (D:2)
  A giant cockroach (D:3)
  2 hobgoblins
  A quokka (D:5)
  2 frilled lizards
  3 goblins
  A kobold (D:3)
28 creatures vanquished.

Vanquished Creatures (others)
  2 ancestors (D:7)
2 creatures vanquished.

Grand Total: 162 creatures vanquished

Notes
Turn   | Place    | Note
-------+----------+-------------------------------------------
     0 | D:1      | FatLuigi the Draconian Transmuter began the quest for the
                  | Orb.
     0 | D:1      | Reached XP level 1. HP: 16/16 MP: 3/3
   208 | D:1      | Reached skill level 1 in Polearms
   220 | D:1      | Reached XP level 2. HP: 23/23 MP: 5/5
   531 | D:1      | Reached XP level 3. HP: 19/28 MP: 6/6
  1220 | D:2      | Learned a level 2 spell: Sticks to Snakes
  1402 | D:2      | Reached XP level 4. HP: 33/35 MP: 7/7
  1803 | D:3      | Noticed an ogre
  1813 | D:3      | Killed an ogre
  1813 | D:3      | Reached XP level 5. HP: 10/40 MP: 0/8
  2159 | D:3      | Found an iron altar of Okawaru.
  2159 | D:3      | Found a hazy altar of Hepliaklqana.
  2164 | D:3      | Found a faded altar of an unknown god.
  2175 | D:3      | Found a faded altar of an unknown god.
  2177 | D:3      | Found an ornate altar of the Wu Jian Council.
  2204 | D:3      | Became a worshipper of Hepliaklqana the Forgotten
  2738 | D:4      | Noticed a phantom
  2793 | D:4      | Killed a phantom
  2793 | D:4      | Reached XP level 6. HP: 16/42 MP: 3/9
  3057 | D:4      | Noticed Grinder
  3057 | D:4      | Paralysed by Grinder for 6 turns
  3100 | D:4      | Killed Grinder
  3100 | D:4      | Reached skill level 5 in Transmutations
  3203 | D:4      | Reached skill level 5 in Polearms
  3223 | D:4      | Your scales start taking on a rich purple colour.
  3223 | D:4      | Reached XP level 7. HP: 43/46 MP: 6/10
  3236 | D:4      | Noticed Robin
  3238 | D:4      | Found a snail-covered altar of Cheibriados.
  3250 | D:4      | Killed Robin
  3251 | D:4      | Found a blossoming altar of Fedhas.
  3487 | D:4      | Found a runed translucent door.
  3488 | D:4      | Noticed Crazy Yiuf
  3665 | D:4      | Reached skill level 2 in Fighting
  3744 | D:4      | Learned a level 5 spell: Blade Hands
  3750 | D:4      | Killed Crazy Yiuf
  3859 | D:5      | Entered Level 5 of the Dungeon
  3878 | D:5      | Reached skill level 3 in Fighting
  3940 | D:5      | Reached * piety under Hepliaklqana
  3991 | D:5      | Found a shattered altar of Ashenzari.
  4089 | D:5      | Reached skill level 4 in Fighting
  4102 | D:5      | Found a staircase to the Ecumenical Temple.
  4201 | D:5      | Reached skill level 5 in Fighting
  4570 | D:6      | Reached XP level 8. HP: 62/62 MP: 4/11
  4670 | D:6      | Reached skill level 6 in Fighting
  4713 | D:6      | Got a spiked leather armour
  4869 | D:6      | Reached skill level 7 in Fighting
  5270 | D:7      | Reached skill level 8 in Fighting
  5317 | D:7      | Learned a level 3 spell: Summon Guardian Golem
  5324 | D:7      | Noticed Prince Ribbit
  5446 | D:7      | Reached skill level 9 in Fighting
  5521 | D:7      | Killed Prince Ribbit
  5521 | D:7      | Reached skill level 10 in Fighting
  5521 | D:7      | Reached XP level 9. HP: 43/76 MP: 1/12
  5574 | D:7      | HP: 3/77 [killer bee (1)]
  5574 | D:7      | Slain by a killer bee

Skill      XL: |  1  2  3  4  5  6  7  8 |
---------------+-------------------------+-----
Polearms       | 1 2 3 4 5 |  5.3
Transmutations | 3 4 5 |  5.5
Fighting       | 5 10 | 10.8
Dodging        | |  1.7
Unarmed Combat | |  3.0
Spellcasting   | |  2.4

Action                   |  1- 3 |  4- 6 |  7- 9 || total
-------------------------+-------+-------+-------++-------
Melee: Spear             |   104 |   127 |   192 ||   423
       Tailslap          |    10 |     7 |    24 ||    41
       Kick              |     2 |     4 |     5 ||    11
       Headbutt          |     1 |       |     3 ||     4
       Unarmed           |       |       |    57 ||    57
       Punch             |       |       |     3 ||     3
 Cast: Beastly Appendage |     5 |     9 |    11 ||    25
       Sticks to Snakes  |     2 |    16 |     8 ||    26
       Blade Hands       |       |       |     7 ||     7
       Summon Guardian G |       |       |     1 ||     1
Invok: Ancestor Identity |       |       |     1 ||     1
Evoke: Wand              |       |       |     1 ||     1
  Use: Scroll            |       |       |     4 ||     4
       Potion            |       |       |     1 ||     1
 Stab: Sleeping          |     4 |     2 |       ||     6
       Distracted        |       |     1 |     3 ||     4
       Confused          |       |       |     1 ||     1
  Eat: Chunk             |     1 |     5 |     8 ||    14
       Ration            |       |     1 |     1 ||     2
Armor: Skin              |    18 |    15 |    43 ||    76
Dodge: Dodged            |    37 |    48 |   105 ||   190
